 Dungeon Crawl Stone Soup version 0.24.0-13-gcf9b319 (webtiles) character file.

Game seed: 3300401749142131351, levelgen mode: deterministic

133914 Birdy the Brawler (level 16, -3/152 HPs)
             Began as a Green Draconian Fighter on Dec 12, 2019.
             Was a High Priest of Sif Muna.
             Killed from afar by Arachne (21 damage)
             ... with a poison arrow
             ... on level 3 of the Spider Nest.
             The game lasted 01:57:19 (33948 turns).

Birdy the Brawler (Green Draconian Fighter)        Turns: 33948, Time: 01:57:34

Health: -3/152     AC: 17    Str: 35    XL:     16   Next: 61%
Magic:  16/16      EV: 20    Int:  9    God:    Sif Muna [*****.]
Gold:   1585       SH: 13    Dex: 15    Spells: 13/15 levels left

rFire    . . .     SeeInvis .     - Unarmed
rCold    . . .     Gourm    .   z - +2 shield
rNeg     . . .     Faith    .   (armour unavailable)
rPois    +         Spirit   .   K - +2 hat {MR+}
rElec    .         Reflect  .   L - scarf {repulsion}
rCorr    .         Harm     .   B - +2 pair of gloves {Dex+3}
MR       +++..                  q - +2 pair of boots of Duem {+Inv Regen+}
Stlth    +.........             i - amulet of rage
HPRegen  0.75/turn              A - ring of protection from magic
MPRegen  0.15/turn              m - +6 ring of strength

@: mighty, lethally poisoned (-3 -> -21), hasted, studying 2 skills, repel
missiles, very quick
A: breathe noxious fumes, unfitting armour, stinger 1, poison resistance,
cold-blooded, AC +9
a: Breathe Noxious Fumes, Channel Magic, Forget Spell, Divine Exegesis, Renounce
Religion, Evoke Berserk Rage, Evoke Invisibility


You were on level 3 of the Spider Nest.
You worshipped Sif Muna.
Sif Muna was extremely pleased with you.
You were not hungry.

You visited 5 branches of the dungeon, and saw 28 of its levels.
You visited 1 bazaar.
You also visited: Sewer.

You collected 3367 gold pieces.
You spent 1782 gold pieces at shops.

Inventory:

Hand Weapons
 b - a +3 arbalest
 k - a +2 scimitar of flaming
Missiles
 d - 283 bolts
Armour
 q - the +2 pair of boots of Duem (worn) {+Inv Regen+}
   (You found it on level 14 of the Dungeon)

   It lets you turn invisible.
   It increases your rate of regeneration.
 z - a +2 shield (worn)
 B - a +2 pair of gloves of dexterity (worn)
 K - a +2 hat of magic resistance (worn)
 L - a scarf of repulsion (worn)
Jewellery
 f - an uncursed ring of ice
 h - an uncursed ring of protection from fire
 i - an amulet of rage (around neck)
 l - a +2 ring of evasion
 m - a +6 ring of strength (right hand)
 o - a +3 ring of protection
 p - an uncursed ring of protection from cold
 y - a +3 ring of evasion
 A - a ring of protection from magic (left hand)
Wands
 a - a wand of enslavement (2)
 g - a wand of acid (10)
 n - a wand of random effects (35)
 F - a wand of polymorph (18)
 I - a wand of flame (23)
Scrolls
 r - 6 scrolls of teleportation
 v - 2 scrolls of fog
 w - a scroll of brand weapon
 x - 2 scrolls of amnesia
 C - 7 scrolls of enchant weapon
 D - 2 scrolls of silence
 G - 8 scrolls of remove curse
 M - 9 scrolls of identify
 O - 2 scrolls of magic mapping
 P - a scroll of summoning
Potions
 e - 5 potions of lignification
 j - a potion of magic
 E - a potion of flight
 R - a potion of haste
Books
 H - a manual of Charms
 N - a manual of Stealth
Miscellaneous
 J - a phial of floods (inert)
 Q - a lightning rod (4/4)
Comestibles
 c - 45 rations


   Skills:
 + Level 16.3 Fighting
 * Level 14.2 Long Blades
 + Level 14.0 Dodging
 - Level 3.0 Shields
 - Level 17.4 Unarmed Combat


You had 13 spell levels left.
You knew the following spells:

 Your Spells              Type           Power        Failure   Level  Hunger
a - Passwall              Tmut/Erth      #.......     96%         2    ###....

Your spell library contained the following spells:

 Spells                   Type           Power        Failure   Level  Hunger
 Animate Skeleton         Necr           N/A          88%         1    ##.....
 Beastly Appendage        Tmut           #.....       88%         1    ##.....
 Magic Dart               Conj           #...         88%         1    ##.....
 Pain                     Necr           #...         88%         1    ##.....
 Sandblast                Erth           #.....       88%         1    ##.....
 Shock                    Conj/Air       #...         88%         1    ##.....
 Sting                    Conj/Pois      #...         88%         1    ##.....
 Summon Butterflies       Summ           #.......     88%         1    ##.....
 Blink                    Tloc           N/A          96%         2    ###....
 Call Imp                 Summ           #.......     96%         2    ###....
 Ensorcelled Hibernation  Hex/Ice        #.....       96%         2    ###....
 Poisonous Vapours        Pois/Air       #.....       96%         2    ###....
 Shroud of Golubria       Chrm/Tloc      #.....       96%         2    ###....
 Slow                     Hex            #.......     96%         2    ###....
 Sublimation of Blood     Necr           #.........   96%         2    ###....
 Conjure Flame            Conj/Fire      #.......     99%         3    ####...
 Gell's Gravitas          Tloc           #.........   99%         3    ####...
 Ignite Poison            Fire/Tmut/Pois #.......     99%         3    ####...
 Inner Flame              Hex/Fire       #.......     99%         3    ####...
 Lesser Beckoning         Tloc           #.........   99%         3    ####...
 Mephitic Cloud           Conj/Pois/Air  #.......     99%         3    ####...
 Portal Projectile        Hex/Tloc       #.....       99%         3    ####...
 Regeneration             Chrm/Necr      #.........   99%         3    ####...
 Spectral Weapon          Hex/Chrm       #.......     99%         3    ####...
 Static Discharge         Conj/Air       #.......     99%         3    ####...
 Teleport Other           Tloc           #.......     99%         3    ####...
 Vampiric Draining        Necr           #.........   99%         3    ####...
 Animate Dead             Necr           N/A          100%        4    #####..
 Force Lance              Conj/Tloc      #.......     100%        4    #####..
 Fulminant Prism          Conj/Hex       #.........   100%        4    #####..
 Ice Form                 Ice/Tmut       #.......     100%        4    #####..
 Leda's Liquefaction      Hex/Erth       #.........   100%        4    #####..
 Olgreb's Toxic Radiance  Pois           #.......     100%        4    #####..
 Passage of Golubria      Tloc           N/A          100%        4    #####..
 Petrify                  Tmut/Erth      #.......     100%        4    #####..
 Throw Icicle             Conj/Ice       #.......     100%        4    #####..
 Alistair's Intoxication  Tmut/Pois      #.......     100%        5    ######.
 Borgnjor's Vile Clutch   Necr/Erth      #.........   100%        5    ######.
 Irradiate                Conj/Tmut      #.........   100%        5    ######.
 Lee's Rapid Deconstruct  Erth           #.........   100%        5    ######.
 Metabolic Englaciation   Hex/Ice        #.........   100%        5    ######.
 Silence                  Hex/Air        #.........   100%        5    ######.
 Summon Demon             Summ           #.........   100%        5    ######.
 Summon Mana Viper        Hex/Summ       #.......     100%        5    ######.
 Venom Bolt               Conj/Pois      #.........   100%        5    ######.
 Bolt of Cold             Conj/Ice       #.........   100%        6    #######
 Conjure Ball Lightning   Conj/Air       #.........   100%        6    #######
 Freezing Cloud           Conj/Ice/Air   #.........   100%        6    #######
 Hydra Form               Tmut           #.........   100%        6    #######
 Ozocubu's Refrigeration  Ice            #.........   100%        6    #######
 Shadow Creatures         Summ           N/A          100%        6    #######
 Simulacrum               Ice/Necr       #.........   100%        6    #######
 Malign Gateway           Summ/Tloc      #.........   100%        7    #######
 Ring of Flames           Chrm/Fire      #.........   100%        7    #######
 Discord                  Hex            #.........   100%        8    #######
 Lehudib's Crystal Spear  Conj/Erth      #.........   100%        8    #######
 Summon Horrible Things   Summ           #.........   100%        8    #######
 Dragon's Call            Summ           #.........   100%        9    #######


Dungeon Overview and Level Annotations

Branches:
Dungeon (15/15)            Temple (1/1) D:7            Lair (6/6) D:10
  Swamp (0/4) Lair:2       Spider (4/4) Lair:3        Slime (0/5) Lair:5
    Orc (2/2) D:10            Elf (0/3) Orc:2        Vaults (0/5) D:13
 Depths (0/5) D:15          Sewer (visited)

Altars:
Ashenzari
Cheibriados
Dithmenos
Elyvilon
Fedhas
Gozag
Hepliaklqana
Kikubaaqudgha
Makhleb
Nemelex Xobeh
Okawaru
Qazlal
Ru
Sif Muna
Trog
Uskayaw
Vehumet
Wu Jian
Xom
Yredelemnul
Zin
The Shining One

Shops:
D:4 !   D:9 ?*[!}   Orc:1 }   Orc:2 }!:[*

Annotations:
D:2 1 exclusion
D:10 1 runed translucent door
Lair:5 exclusion: 4 oklob plants
Spider:3 Arachne


Innate Abilities, Weirdness & Mutations

You can breathe blasts of noxious fumes.
Your lurid green scales are hard. (AC +9)
You cannot fit into any form of body armour.
Your tail ends in a poisonous barb.
Your system is resistant to poisons. (rPois)
You are cold-blooded and may be slowed by cold attacks.


Message History

Arachne resists with almost no effort.
You feel sick.
Arachne hits you with an uncursed staff of poison!
* * * LOW HITPOINT WARNING * * *
Evoke which item? (* to show all) (? for menu, Esc to quit)
Aiming: Paralyse
Press: ? - help, Shift-Dir - straight line, f/p - Arachne
Aim: Arachne, wielding a staff of poison (moderately wounded, chance to defeat MR: 15%) Arachne resists with almost no effort.
You feel sick. Arachne completely misses you.
Evoke which item? (* to show all) (? for menu, Esc to quit)
Aiming: Paralyse
Press: ? - help, Shift-Dir - straight line, f/p - Arachne
Aim: Arachne, wielding a staff of poison (moderately wounded, chance to defeat MR: 15%) Arachne resists with almost no effort.
The now-empty wand crumbles to dust.
You feel sick.
Arachne stares at you and mumbles some strange words.
The poison arrow hits you!!
You are lethally poisoned!
You partially resist.
You die...

##...#........†..###.###
##...<..#.....(....##.####
##^.^.....##^#......#......
#...#........^...........^.
##...^##.#.#..........#..#.
##...^##...#...#..#.........
#...#####...........).......
##.## #..††...#.....#.....
### ###@H.............#.
##.#...##.........
###..#^............
#........^..#......
##.....#....^.......
##.#......#......#^..
##......^#............
##^^....#......^.......
#.......##^..(^...^...#


You could see Arachne.

Vanquished Creatures
  Gastronok (Lair:2)
  Frances (Spider:2)
  A shadow dragon (D:12)
  Kirke (Lair:5)
  2 emperor scorpions
  A dire elephant (Lair:6)
  An ogre mage (D:15)
  A crystal guardian (D:12)
  8 hydras
  Erolcha (D:9)
  2 vault guards (D:13)
  3 catoblepae
  A satyr (Spider:1)
  8 centaur warriors
  A deep troll shaman (Lair:6)
  10 death yaks
  10 two-headed ogres
  A tengu warrior (D:14)
  An orc high priest (Orc:2)
  A deep elf knight (D:14)
  The ghost of Legs the Basher, a novice MiBe of Trog (Lair:1)
  2 skeletal warriors (D:15)
  2 wizards (D:13)
  3 necromancers
  A lindwurm (Lair:6)
  A phantasmal warrior (D:15)
  2 orc knights
  16 wolf spiders
  8 orc sorcerers
  6 ugly things
  2 deep elf magi
  A fire giant zombie (D:15)
  8 orb spiders
  2 black mambas
  2 cyclopes
  2 manticores
  2 moths of wrath
  4 elephants (Lair:6)
  12 spiny frogs
  A torpor snail (Lair:6)
  4 gargoyles
  6 yaktaurs
  9 demonic crawlers
  2 rime drakes
  An efreet (D:12)
  6 komodo dragons
  A freezing wraith (D:15)
  A spriggan skeleton (D:15)
  A queen bee (Lair:1)
  22 jumping spiders
  5 hornets
  7 trolls
  11 blink frogs
  2 polar bears
  2 tyrant leeches (Lair:2)
  3 meliai
  2 dream sheep (D:10)
  2 deep troll zombies (D:15)
  A slime creature (D:14)
  9 hippogriffs
  A snapping turtle (shapeshifter) (D:12)
  A centaur simulacrum (D:14)
  A shadow (D:12)
  A vampire (D:14)
  Sigmund (D:5)
  A spriggan (Lair:6)
  71 redbacks
  56 yaks
  16 humans (D:13)
  3 wyverns
  2 wraiths
  12 tarantellas
  2 basilisks
  A hog (Lair:4)
  2 wargs (Orc:1)
  4 vampire mosquitoes (D:12)
  6 hungry ghosts
  2 steam dragons
  A swamp worm (Lair:2)
  An acid dragon (D:12)
  14 water moccasins
  A soldier ant (D:10)
  Duvessa (D:4)
  11 porcupines
  26 orc warriors
  2 black bears
  5 sky beasts
  3 necrophages (D:8)
  6 ice beasts
  2 phantoms (D:4)
  An eye of draining (D:12)
  8 centaurs
  16 wolves
  16 ogres
  11 crocodiles
  6 big kobolds
  22 bullfrogs
  A gnoll sergeant (D:7)
  Dowan (D:4)
  A hornet simulacrum (D:14)
  2 scorpions
  A water moccasin skeleton (D:4)
  16 killer bees
  9 wights
  4 howler monkeys
  8 electric eels
  3 bullfrog zombies
  2 centaur zombies
  7 crimson imps
  A quasit (D:8)
  8 hounds
  24 orc wizards
  7 centaur skeletons
  30 orc priests
  7 bullfrog skeletons
  A gnoll shaman (D:8)
  4 jellies
  13 worker ants
  5 iguanas
  Natasha (thrice) (D:3)
  A killer bee zombie (D:6)
  A hound zombie (D:8)
  3 hound skeletons
  A howler monkey zombie (D:11)
  3 worker ant zombies
  12 adders
  15 gnolls
  A shadow imp (D:9)
  An ooze (D:4)
  4 adder skeletons
  An adder zombie (D:9)
  5 worms
  5 dart slugs
  3 leopard geckos
  97 orcs
  6 giant cockroaches
  6 goblins
  11 hobgoblins
  17 jackals
  18 kobolds
  4 quokkas
  3 ball pythons
  A ball python skeleton (D:4)
  5 bats
  12 frilled lizards
  2 jackal skeletons
  2 leopard gecko skeletons
  2 leopard gecko zombies (D:8)
  4 rats
  A plant (Lair:2)
972 creatures vanquished.

Vanquished Creatures (collateral kills)
  A centaur warrior (D:14)
  2 redbacks
3 creatures vanquished.

Vanquished Creatures (others)
  A jumping spider (Spider:3)
  A hippogriff (Lair:6)
  2 redbacks (Spider:3)
  A yak (Lair:6)
  A tarantella (Spider:3)
  A shadow (D:14)
  A crimson imp (D:12)
  An orc wizard (Orc:2)
  2 bushes (D:8)
  2 fungi (Lair:6)
  6 plants
  5 withered plants (D:15)
24 creatures vanquished.

Grand Total: 999 creatures vanquished

Notes
Turn   | Place    | Note
-------+----------+-------------------------------------------
     0 | D:1      | Birdy the Draconian Fighter began the quest for the Orb.
     0 | D:1      | Reached XP level 1. HP: 19/19 MP: 1/1
   153 | D:1      | Reached XP level 2. HP: 18/26 MP: 2/2
   988 | D:2      | Reached XP level 3. HP: 33/33 MP: 3/3
  1096 | D:2      | Reached skill level 3 in Unarmed Combat
  1131 | D:2      | Noticed an ogre
  1165 | D:3      | Reached XP level 4. HP: 34/40 MP: 4/4
  1383 | D:3      | Noticed Natasha
  1395 | D:3      | Killed Natasha
  1409 | D:3      | Noticed Natasha
  1422 | D:3      | Killed Natasha
  1422 | D:3      | Reached skill level 4 in Unarmed Combat
  1422 | D:3      | Reached XP level 5. HP: 20/47 MP: 5/5
  2128 | D:3      | Noticed Natasha
  2135 | D:3      | Killed Natasha
  2958 | D:2      | Reached XP level 6. HP: 53/53 MP: 6/6
  3131 | D:2      | Reached skill level 5 in Unarmed Combat
  3384 | D:4      | HP: 2/55 [phantom (9)]
  3388 | D:4      | Reached skill level 5 in Fighting
  3748 | D:4      | Your scales start taking on a lurid green colour.
  3748 | D:4      | Reached XP level 7. HP: 40/61 MP: 7/7
  3748 | D:4      | Gained mutation: Your system is resistant to poisons.
                  | (rPois) [Green Draconian growth]
  3881 | D:4      | Found Dearoxe's Distillery.
  3972 | D:4      | Noticed Duvessa
  3972 | D:4      | Noticed Dowan
  4018 | D:4      | Killed Duvessa
  4018 | D:4      | Reached skill level 6 in Unarmed Combat
  4030 | D:4      | Killed Dowan
  4215 | D:4      | Found a snail-covered altar of Cheibriados.
  4272 | D:4      | Found an opulent altar of Gozag.
  4583 | D:5      | Entered Level 5 of the Dungeon
  4583 | D:5      | Noticed Sigmund
  4631 | D:5      | Reached skill level 5 in Dodging
  4631 | D:5      | Reached XP level 8. HP: 31/70 MP: 8/8
  4643 | D:5      | Reached skill level 7 in Unarmed Combat
  4660 | D:5      | Killed Sigmund
  4993 | D:5      | Found a glowing drain.
  5002 | Sewer    | Entered a sewer
  5182 | D:5      | Reached skill level 8 in Unarmed Combat
  5528 | D:5      | Found an ornate altar of the Wu Jian Council.
  5647 | D:6      | Reached XP level 9. HP: 79/79 MP: 9/9
  5831 | D:6      | Reached skill level 9 in Unarmed Combat
  5932 | D:6      | Found a bloodstained altar of Trog.
  6711 | D:7      | Found a glowing golden altar of the Shining One.
  7026 | D:7      | Reached skill level 10 in Unarmed Combat
  7087 | D:7      | Found a staircase to the Ecumenical Temple.
  7104 | Temple   | Entered the Ecumenical Temple
  7159 | Temple   | Became a worshipper of Sif Muna the Loreminder
  7576 | D:8      | Reached XP level 10. HP: 87/90 MP: 10/10
  7700 | D:8      | Noticed a two-headed ogre
  7705 | D:8      | Reached * piety under Sif Muna
  7705 | D:8      | Killed a two-headed ogre
  7804 | D:8      | Reached skill level 11 in Unarmed Combat
  8155 | D:8      | Found a blossoming altar of Fedhas.
  8566 | D:9      | Paralysed by a hornet for 1 turns
  8572 | D:9      | Reached ** piety under Sif Muna
  8815 | D:9      | Noticed Erolcha
  8827 | D:9      | Killed Erolcha
  8870 | D:9      | Found Famnuipla's Gadget Shop.
  8895 | D:9      | Found a basalt altar of Yredelemnul.
  9101 | D:9      | Found Huelo's Distillery.
  9136 | D:9      | Found Ucohalot's Armour Boutique.
  9322 | D:9      | Found Zagoomm's General Store.
  9356 | D:9      | Reached skill level 12 in Unarmed Combat
  9356 | D:9      | Reached XP level 11. HP: 96/96 MP: 11/11
  9362 | D:9      | Reached skill level 10 in Fighting
  9386 | D:9      | Bought a potion of degeneration for 16 gold pieces
  9413 | D:9      | Found Dopoex's Magic Scroll Boutique.
  9573 | D:10     | Entered Level 10 of the Dungeon
  9573 | D:10     | Found a staircase to the Lair.
  9689 | D:10     | Noticed a two-headed ogre
  9705 | D:10     | Killed a two-headed ogre
  9717 | D:10     | Reached *** piety under Sif Muna
  9800 | D:10     | Found a white marble altar of Elyvilon.
  9800 | D:10     | Noticed an angel
  9801 | D:10     | Found a runed translucent door.
  9833 | D:10     | Noticed a two-headed ogre
  9843 | D:10     | Killed a two-headed ogre
  9872 | D:10     | Noticed a two-headed ogre
  9881 | D:10     | Killed a two-headed ogre
 10364 | D:10     | Reached **** piety under Sif Muna
 10375 | D:10     | Reached skill level 13 in Unarmed Combat
 10427 | D:10     | Found a staircase to the Orcish Mines.
 10684 | D:10     | Noticed a two-headed hydra
 10694 | D:10     | Killed a two-headed hydra
 11128 | Lair:1   | Entered Level 1 of the Lair of Beasts
 11323 | Lair:1   | Reached XP level 12. HP: 47/107 MP: 12/12
 11618 | Lair:1   | Noticed a six-headed hydra
 11623 | Lair:1   | Killed a six-headed hydra
 11907 | Lair:1   | Reached ***** piety under Sif Muna
 11913 | Lair:1   | Reached skill level 14 in Unarmed Combat
 11957 | Lair:1   | Found a transporter.
 11961 | Lair:1   | Found a transporter.
 11963 | Lair:1   | Noticed Legs's ghost (novice MiBe)
 12103 | Lair:1   | Killed Legs's ghost
 12103 | Lair:1   | Identified Sif Muna's Papyrus of Weightlessness (Sif Muna
                  | gifted it to you on level 1 of the Lair of Beasts)
 12103 | Lair:1   | Received a gift from Sif Muna
 12114 | Lair:1   | Reached skill level 10 in Dodging
 12134 | Lair:1   | Identified Foisch's Volume of Lethal Feathers
 13631 | Lair:2   | Noticed Gastronok
 13645 | Lair:2   | Killed Gastronok
 13959 | Lair:2   | Found a staircase to the Swamp.
 14181 | Lair:3   | Reached skill level 15 in Unarmed Combat
 14246 | Lair:3   | Reached XP level 13. HP: 35/116 MP: 13/13
 14706 | Lair:3   | Found a hole to the Spider Nest.
 17163 | Lair:5   | Reached skill level 16 in Unarmed Combat
 17439 | Lair:5   | Received a gift from Sif Muna
 17462 | Lair:5   | Found a staircase to the Slime Pits.
 18036 | Lair:6   | Entered Level 6 of the Lair of Beasts
 18036 | Lair:6   | Noticed Kirke
 18185 | Lair:5   | Killed Kirke
 19210 | Lair:6   | Gained mutation: Your tail ends in a poisonous barb. [Green
                  | Draconian growth]
 19210 | Lair:6   | Reached XP level 14. HP: 115/126 MP: 14/14
 19891 | Lair:6   | Reached skill level 17 in Unarmed Combat
 20539 | Orc:1    | Entered Level 1 of the Orcish Mines
 21005 | Orc:2    | Entered Level 2 of the Orcish Mines
 21141 | Orc:2    | Identified Ryemuh's Grimoire of Captivating Companions (Sif
                  | Muna gifted it to you on level 2 of the Orcish Mines)
 21141 | Orc:2    | Received a gift from Sif Muna
 21358 | Orc:2    | Found Mil Tija's Gadget Emporium.
 21432 | Orc:2    | Found Puutuixey's Book Boutique.
 21432 | Orc:2    | Found Suumun's Assorted Antiques.
 21717 | Orc:1    | Found Cisiergh's Gadget Shoppe.
 22173 | Orc:2    | Found Luunna's Distillery.
 22173 | Orc:2    | Found Saisypad's Armour Shop.
 22389 | Orc:2    | Found a staircase to the Elven Halls.
 22588 | Orc:2    | Bought a manual of Long Blades for 1766 gold pieces
 22751 | D:11     | Reached skill level 1 in Long Blades
 22983 | D:11     | Identified Sif Muna's Collected Works on the Rocks and
                  | Transmutation (Sif Muna gifted it to you on level 11 of the
                  | Dungeon)
 22983 | D:11     | Received a gift from Sif Muna
 23140 | D:11     | You fall into a shaft and drop 2 floors!
 23705 | D:12     | Reached skill level 5 in Long Blades
 24678 | D:12     | Identified the Compendium of Curses
 24723 | D:12     | Noticed a shadow dragon
 24758 | D:12     | Killed a shadow dragon
 25143 | D:12     | Reached XP level 15. HP: 109/139 MP: 15/15
 26759 | D:13     | Found a gate to the Vaults.
 26797 | D:13     | Received a gift from Sif Muna
 27105 | D:14     | Reached skill level 15 in Fighting
 27144 | D:14     | Found a flickering gateway to a bazaar.
 27151 | Bazaar   | Entered a bazaar
 27151 | Bazaar   | Found Fucuatz's Antique Weapon Boutique.
 27151 | Bazaar   | Found Tinixeng's Armour Shop.
 27151 | Bazaar   | Found Lurphit's Antique Armour Shop.
 27728 | D:14     | Reached skill level 10 in Long Blades
 28354 | D:15     | Entered Level 15 of the Dungeon
 28389 | D:15     | Found a staircase to the Depths.
 29873 | D:14     | Learned a level 2 spell: Passwall
 30280 | D:14     | Got a pair of encrusted boots
 30297 | D:14     | Identified the +2 pair of boots of Duem {+Inv Regen+} (You
                  | found it on level 14 of the Dungeon)
 30566 | Spider:1 | Entered Level 1 of the Spider Nest
 31334 | Spider:1 | Identified Sif Muna's Reference Book on the Ashen Escort
                  | (Sif Muna gifted it to you on level 1 of the Spider Nest)
 31334 | Spider:1 | Received a gift from Sif Muna
 31354 | Spider:1 | Reached XP level 16. HP: 150/150 MP: 16/16
 31724 | Spider:2 | Noticed Frances
 31742 | Spider:2 | Killed Frances
 32947 | Spider:3 | Received a gift from Sif Muna
 33117 | Spider:3 | Found the +3 giant club "Skullcrusher" {speed, Str+7}
 33849 | Spider:4 | Entered Level 4 of the Spider Nest
 33851 | Spider:4 | Noticed Arachne
 33948 | Spider:3 | Killed from afar by Arachne

Levels and vault maps discovered:
D:1:      ncdulo_wetmaze, layout_basic
D:2:      layout_loops_ring
D:3:      kennysheep_big_flooded_room, layout_basic, first_ration,
          roderic_serpentine_path, minmay_unequal, uniq_natasha
D:4:      minmay_chambers_of_twos, layout_loops_ring, lemuel_crystal_altar,
          cheibriados_altar_1, serial_shops, nicolae_shop_stone, uniq_duvessa
D:5:      layout_cave_pools, lemuel_doored_altar, portal_sewer_entry_d,
          uniq_sigmund
D:6:      layout_basic, bloody_trog
D:7:      layout_loops_corners, kennysheep_mini_moat, minmay_temple_entry_grid
D:8:      layout_rooms, fedhas_altar_decomposition
D:9:      layout_irregular_city, kennysheep_mini, serial_shops,
          nicolae_shop_statue_plus, shop, nicolae_shop_waterfront,
          nicolae_shop_waterfront, nicolae_shop_trees, uniq_erolcha
D:10:     layout_layer_cave, lair_entry_dummy, hiddenorc1_lemuel, st_stairs_11,
          hangedman_ranch [blue_anna_fruit_fields], lemuel_angel_altar
D:11:     layout_loops_cross, evilmike_butchery
D:12:     evilmike_diamond_1, layout_rooms, drop_trap
D:13:     layout_rooms, grunt_vaults_entry_tiered
D:14:     layout_stronghold, serial_shops, bzr_entry_safe, grunt_decor_cap,
          minivault_12
D:15:     gammafunk_depths_entry_grave, layout_cave_pools, minivault_25,
          minmay_misc_feat_secret_circle
Temple:   compressed_dpeg_circular_temple
Lair:1:   layout_regular_city, gammafunk_ghost_hive, columned_hall_lemuel,
          chequers_serial_rivers_small_b
Lair:2:   layout_layer_cave, minmay_swamp_entry_worms, uniq_gastronok
Lair:3:   layout_misc_corridors, spider_nest_entry_web_field, grunt_megastairs_5
Lair:4:   layout_cave_shapes, grunt_megastairs_2
Lair:5:   layout_cave_pods, dpeg_slime_entry_corner, serial_bayou_shore_a,
          minmay_lair_oklob_chamber, infiniplex_staircase_pool,
          lemuel_fruit_tree
Lair:6:   grunt_lair_end_beastmaster, layout_loops_ring,
          grunt_forest_large_clearing_hut, serial_bayou_shore_b, uniq_kirke
Spider:1: layout_spider_delve
Spider:2: layout_spider_delve, nicolae_spider_nook, nicolae_spider_cling_halls,
          uniq_frances
Spider:3: layout_spider_delve, drop_trap
Spider:4: grunt_spider_rune_circles, drop_trap, nicolae_spider_webbed_stairs,
          uniq_arachne
Orc:1:    layout_diamond_mine, serial_shops, shop_coins
Orc:2:    st_orc_mages, layout_caves, serial_shops, shop

Skill      XL: |  1  2  3  4  5  6  7  8  9 10 11 12 13 14 15 16 |
---------------+-------------------------------------------------+-----
Dodging        | 3 4 5 6 7 8 9 10 11 12 13 14 | 14.0
Unarmed Combat | 3 4 5 6 8 10 12 13 15 16 17 | 17.4
Fighting       | 4 5 6 7 8 9 11 12 13 14 15 16 | 16.3
Long Blades    | 7 12 14 | 14.2
Shields        | |  3.0

Action                   |  1- 3 |  4- 6 |  7- 9 | 10-12 | 13-15 | 16-18 || total
-------------------------+-------+-------+-------+-------+-------+-------++-------
Melee: Unarmed           |   127 |   255 |   419 |   754 |  1414 |   373 ||  3342
       Tailslap          |    16 |    31 |    77 |   118 |   309 |    93 ||   644
       Punch             |       |       |     4 |       |       |       ||     4
Throw: Boomerang         |       |     7 |       |       |       |       ||     7
 Cast: Passwall          |       |       |       |       |     1 |       ||     1
Invok: Divine Exegesis   |       |       |       |       |     1 |       ||     1
 Abil: Evoke Berserk Rag |       |     1 |       |     1 |       |       ||     2
       Breathe Noxious F |       |       |    31 |    42 |    76 |    24 ||   173
Evoke: Wand              |       |     1 |       |    27 |    68 |    10 ||   106
       Phial of floods   |       |       |       |       |       |     1 ||     1
  Use: Potion            |     3 |     3 |     2 |     4 |    14 |     6 ||    32
       Scroll            |       |    10 |     4 |    12 |    15 |     3 ||    44
 Stab: Sleeping          |     1 |       |       |     1 |       |     1 ||     3
       Invisible         |       |     3 |       |       |     1 |       ||     4
       Paralysed         |       |     2 |       |    15 |     3 |       ||    20
       Confused          |       |       |    13 |    27 |    43 |    15 ||    98
       Distracted        |       |       |       |     1 |     1 |       ||     2
       Petrified         |       |       |       |       |    16 |       ||    16
       Petrifying        |       |       |       |       |     1 |       ||     1
  Eat: Chunk             |       |     7 |    16 |    24 |    40 |     1 ||    88
       Ration            |       |     1 |     1 |     3 |     9 |     4 ||    18
Armor: Skin              |    69 |    67 |   114 |   193 |   259 |   128 ||   830
Dodge: Dodged            |    67 |    76 |   163 |   308 |   679 |   346 ||  1639
       Deflected         |       |       |       |       |    37 |     3 ||    40
Block: Shield            |    76 |   102 |   117 |   352 |   717 |   286 ||  1650
